 Dungeon Crawl Stone Soup version 0.27.0-1-g7a08968 (webtiles) character file.

Game seed: 9803604404018585173

25 Illumine the Insei (level 2, -11/24 HPs)
             Began as a Mummy Monk on Aug 9, 2021.
             Mangled by an orc (12 damage)
             ... on level 1 of the Dungeon.
             The game lasted 00:05:03 (1834 turns).

Illumine the Insei (Mummy Monk)                     Turns: 1834, Time: 00:05:04

Health: -11/24     AC:  2    Str: 14    XL:     2   Next: 82%
Magic:  2/2        EV:  9    Int:  9    God:
Gold:   42         SH:  0    Dex: 14    Spells: 1/1 levels left

rFire    x . .     SeeInvis .     - Unarmed
rCold    + . .     Faith    .   (no shield)
rNeg     + + +     Spirit   .   a - +0 robe
rPois    ∞         Reflect  .   (no helmet)
rElec    .         Harm     .   (no cloak)
rCorr    .         Rampage  .   (no gloves)
Will     +....                  (no boots)
Stlth    ++........             (no amulet)
HPRegen  0.08/turn              d - ring of willpower
MPRegen  0.08/turn              (no ring)

@: constricted
A: cold resistance 1, negative energy resistance 3, torment resistance 2, heat
vulnerability 1, no potions
a: no special abilities


You were on level 1 of the Dungeon.
You visited 1 branch of the dungeon, and saw 2 of its levels.

You collected 42 gold pieces.

Inventory:

Missiles
 c - 19 stones (quivered)
Armour
 a - a +0 robe (worn)
Jewellery
 d - a ring of willpower (left hand)
Scrolls
 b - 2 scrolls of identify


   Skills:
 - Level 3.0 Fighting
 - Level 2.4 Dodging
 - Level 1.5 Stealth
 + Level 3.4 Unarmed Combat


You had one spell level left.
You didn't know any spells.
Your spell library contained the following spells:

 Spells                   Type           Power      Damage    Failure   Level
 Ignite Poison            Fire/Tmut/Pois 0%         N/A       77%         3
 Mephitic Cloud           Conj/Pois/Air  0%         N/A       77%         3
 Bolt of Magma            Conj/Fire/Erth 0%         4d4       100%        5


Dungeon Overview and Level Annotations

Branches:
Dungeon (2/15)

Altars:

Annotations:
D:2 Sigmund


Innate Abilities, Weirdness & Mutations

You are immune to poison.
Your flesh is cold resistant. (rC+)
You are immune to negative energy. (rN+++)
You are immune to unholy pain and torment.
You are vulnerable to heat. (rF-)
You do not drink.


Message History

The orc is severely wounded.
The orc hits you with a +0 morningstar.
* * * LOW HITPOINT WARNING * * *
The orc barely misses you.
You see here a +0 club.
The ball python hisses angrily.
You hit the ball python.
The ball python is moderately wounded.
The ball python bites you.
* * * LOW HITPOINT WARNING * * *
The ball python closely misses you. The ball python bites you.
* * * LOW HITPOINT WARNING * * *
The ball python closely misses you. The ball python misses you.
The ball python barely misses you. The ball python misses you.
The ball python closely misses you.
There is a stone staircase leading down here.
You climb downwards.
Sigmund the Dreaded comes into view.
He is wielding a +0 scythe.
Sigmund shouts!
Found a scroll labelled KOSUKAIDUO and a hand axe.
There is a stone staircase leading up here.
As you read the scroll labelled FAFAME DEASIE, it crumbles to dust.
It is a scroll of identify.
You don't have any unidentified items.
Sigmund gestures at you while chanting. You resist with almost no effort.
Sigmund casts a spell at you. You resist with almost no effort.
You climb upwards.
The ball python misses you. The ball python grabs you.
The ball python constricts you. The orc barely misses you.
The ball python bites you. The ball python constricts you.
The orc hits you with a +0 morningstar!
* * * LOW HITPOINT WARNING * * *
There is a stone staircase leading down here.
The ball python's grasp on you weakens, but your attempt to escape fails.
The ball python barely misses you. The ball python constricts you.
The orc hits you with a +0 morningstar!
Ouch! That really hurt!
You die...

####### ##### #.....# #...#
####.....# ### #!S@###........#
#.### ##.o.....####.### #...#
##....##### #.#
##.#.######.....### #.#
#...........#.....######.#######
#......######...#S..............
#.#.##......).##################
#.#.###!.###### ################
#.#..##.>..# #.#..#.....#..#.


You could see an orc and a ball python.

Vanquished Creatures
  2 endoplasms
  2 giant cockroaches (D:1)
  5 hobgoblins (D:1)
  2 jackals (D:1)
  2 quokkas (D:1)
  A ball python (D:1)
  2 frilled lizards
  3 kobolds
  4 rats (D:1)
23 creatures vanquished.

Notes
Turn   | Place    | Note
-------+----------+-------------------------------------------
     0 | D:1      | Illumine the Mummy Monk began the quest for the Orb.
     0 | D:1      | Reached XP level 1. HP: 18/18 MP: 1/1
   709 | D:1      | Found a faded altar of an unknown god.
   727 | D:1      | Reached XP level 2. HP: 15/24 MP: 2/2
  1830 | D:2      | Noticed Sigmund
  1833 | D:1      | HP: 1/24 [orc (9)]
  1834 | D:1      | Mangled by an orc

Illustrated notes

Levels and vault maps discovered:
D:1:      dpeg_arrival_ternary, layout_rooms, ebering_ecumenical_altar_box
D:2:      layout_basic, uniq_sigmund

Skill      XL: |  1 |
---------------+----+-----
Unarmed Combat | 3 |  3.4
Fighting       | |  3.0
Dodging        | |  2.4
Stealth        | |  1.5

Action                   || total
-------------------------++-------
Melee: Unarmed           ||    98
       Punch             ||     1
Throw: Stone             ||    34
  Use: Scroll            ||     1
 Stab: Sleeping          ||     1
Armor: Robe              ||    14
Dodge: Dodged            ||    57
